 Dungeon Crawl Stone Soup version 0.28-a0-390-gb254ac4902 (webtiles) character file.

Game seed: 17476338648730241050

39 serber55 the Bolt Thrower (level 3, -6/21 HPs)
             Began as a Kobold Arcane Marksman on Sept 2, 2021.
             Mangled by a worm (11 damage)
             ... on level 2 of the Dungeon on Sept 3, 2021.
             The game lasted 00:07:49 (1118 turns).

serber55 the Bolt Thrower (Kobold Arcane Marksman)  Turns: 1118, Time: 00:07:49

Health: -6/21      AC:  2    Str:  8    XL:     3   Next: 70%
Magic:  5/5        EV: 15    Int: 14    God:
Gold:   55         SH:  0    Dex: 15    Spells: 2/5 levels left

rFire   . . .      SeeInvis .   a - +0 hand crossbow
rCold   . . .      Faith    .   (shield restricted)
rNeg    . . .      Spirit   .   d - +0 robe
rPois   .          Reflect  .   (no helmet)
rElec   .          Harm     .   (no cloak)
rCorr   .          Rampage  .   (no gloves)
Will    .....                   (no boots)
Stlth   ++........              (no amulet)
HPRegen 0.07/turn               (no ring)
MPRegen 0.09/turn               (no ring)

@: no status effects
A: small, no large weapons, nightstalker 3
a: no special abilities


You were on level 2 of the Dungeon.
You visited 1 branch of the dungeon, and saw 2 of its levels.

You collected 55 gold pieces.

Inventory:

Hand Weapons
 a - a +0 hand crossbow (weapon)
 j - a +0 short sword
Missiles
 c - 24 bolts (quivered ammo)
Armour
 d - a +0 robe (worn)
Jewellery
 e - an amulet of faith
Scrolls
 g - 2 scrolls of identify {unknown}
 i - a scroll of fear {unknown}
Potions
 b - 2 potions of lignification {unknown}
 h - a potion of cancellation {unknown}


   Skills:
 + Level 1.9 Fighting
 * Level 3.4 Crossbows
 - Level 2.4 Dodging
 + Level 1.7 Spellcasting
 + Level 3.3 Hexes


You had 2 spell levels left.
You knew the following spells:

 Your Spells              Type           Power      Damage    Failure   Level
a - Corona                Hex            11%        N/A       6%          1
b - Slow                  Hex            10%        N/A       10%         2

Your spell library contained the following spells:

 Spells                   Type           Power      Damage    Failure   Level
 Ensorcelled Hibernation  Hex/Ice        10%        N/A       19%         2
 Inner Flame              Hex/Fire       5%         N/A       36%         3
 Portal Projectile        Hex/Tloc       10%        N/A       36%         3
 Cause Fear               Hex            5%         N/A       54%         4
 Spider Form              Tmut/Pois      0%         N/A       58%         3


Dungeon Overview and Level Annotations

Branches:
Dungeon (2/15)

Altars:


Innate Abilities, Weirdness & Mutations

You are small and have problems with some larger weapons.
You are completely attuned to the shadows.


Message History

You shoot a bolt. The bolt hits the worm.
The worm is moderately wounded.
The quokka barely misses you. The quokka bites you.
Fire: 29 bolts
Press: ? - help, Q - select action, (/) - cycle Shift-Dir - straight line, f/p - worm
Aim: a worm (moderately wounded, 80% to hit)
You shoot a bolt.
The bolt hits the worm but does no damage.
The worm is moderately wounded.
The quokka bites you. The worm closely misses you.
Fire: 28 bolts
Press: ? - help, Q - select action, (/) - cycle Shift-Dir - straight line, f/p - worm
Aim: a worm (moderately wounded, 80% to hit)
You shoot a bolt. The bolt hits the worm.
The worm is heavily wounded.
The quokka closely misses you. The quokka misses you.
Fire: 27 bolts
Press: ? - help, Q - select action, (/) - cycle Shift-Dir - straight line, f/p - worm
Aim: a worm (heavily wounded, 80% to hit)
You shoot a bolt.
The bolt hits the worm but does no damage.
The worm is heavily wounded.
The quokka bites you. The worm barely misses you. The quokka bites you.
Fire: 26 bolts
Press: ? - help, Q - select action, (/) - cycle Shift-Dir - straight line, f/p - worm
Aim: a worm (heavily wounded, 80% to hit)
You shoot a bolt.
The bolt hits the worm but does no damage.
The worm is heavily wounded.
The quokka bites you. The worm bites you!
* * * LOW HITPOINT WARNING * * *
Fire: 25 bolts
Press: ? - help, Q - select action, (/) - cycle Shift-Dir - straight line, f/p - worm
Aim: a worm (moderately wounded, 80% to hit)
You shoot a bolt.
The bolt hits the worm but does no damage.
The worm is moderately wounded.
The quokka closely misses you. The quokka misses you. The worm bites you!
Ouch! That really hurt!
You die...

#######
##.....##
#......>##
.....<...#.
....<@...<.
....wr...#
...(.....#
...(((.....
...(...>.##
.........#
.(....(..#
.......(.


You could see a worm and a quokka.

Vanquished Creatures
  A gnoll (D:1)
  A worm (D:2)
  A dart slug (D:1)
  3 endoplasms (D:1)
  4 giant cockroaches (D:1)
  2 goblins (D:1)
  A kobold (D:1)
  3 bats
  4 frilled lizards (D:1)
  5 rats (D:1)
25 creatures vanquished.

Notes
Turn   | Place    | Note
-------+----------+-------------------------------------------
     0 | D:1      | serber55 the Kobold Arcane Marksman began the quest for the
                  | Orb.
     0 | D:1      | Reached XP level 1. HP: 12/12 MP: 2/2
   175 | D:1      | Reached XP level 2. HP: 16/16 MP: 3/3
   226 | D:1      | Upgraded the game from 0.28-a0-384-g9e0c098162 to
                  | 0.28-a0-390-gb254ac4902
   321 | D:1      | Reached XP level 3. HP: 12/21 MP: 5/5
   643 | D:1      | Learned a level 2 spell: Slow
   649 | D:1      | Found a faded altar of an unknown god.
  1118 | D:2      | Mangled by a worm

Illustrated notes

Levels and vault maps discovered:
D:1:      onia_arrival_mini_spirals, layout_basic,
          hellmonk_ecumenical_altar_lost_god
D:2:      layout_rooms, minmay_split_cup_small

Skill      XL: |  1  2 |
---------------+-------+-----
Crossbows      | 3 |  3.4
Fighting       | |  1.9
Dodging        | |  2.4
Spellcasting   | |  1.7
Hexes          | |  3.3

Action                   || total
-------------------------++-------
Melee: Short sword       ||    15
       Whip              ||     7
 Fire: Hand crossbow     ||    49
 Cast: Corona            ||     1
 Stab: Sleeping          ||     3
Armor: Robe              ||     4
Dodge: Dodged            ||    27

Table legend: (Time is in decaauts)
 A = Elapsed time spent in this place.
 B = Non-inter-level travel time spent in this place.
 C = Inter-level travel time spent in this place.
 D = Time resting spent in this place.
 E = Time spent auto-exploring this place.
 F = Levels seen in this place.
 G = Mean time per level.
                   A        B        C        D        E       F      G
               +--------+--------+--------+--------+--------+-----+--------+
         Total |   1135 |   1122 |     13 |    191 |    731 |   2 |  567.5 |
       Dungeon |   1135 |   1122 |     13 |    191 |    731 |   2 |  567.5 |
               +--------+--------+--------+--------+--------+-----+--------+

Top non-repeatable levels by time:
     D:1: 1086 daAuts
     D:2: 49 daAuts
